 Dungeon Crawl Stone Soup version 0.19.0-2-gae57169 (webtiles) character file.

275 Kullungy the Skirmisher (level 6, -1/48 HPs)
             Began as a Demonspawn Abyssal Knight on Nov 4, 2016.
             Was a Priest of Lugonu.
             Slain by an ogre
             ... wielding a +0 giant club
              (2 damage)
             ... on level 4 of the Dungeon.
             The game lasted 00:12:07 (2826 turns).

Kullungy the Skirmisher (Demonspawn Abyssal Knight) Turns: 2826, Time: 00:12:08

Health: -1/48      AC: 11    Str: 14    XL:     6   Next: 3%
Magic:  0/7        EV: 11    Int: 13    God:    Lugonu [***...]
Gold:   169        SH:  0    Dex: 13    Spells: 0 memorised, 5 levels left

rFire  . . .     SeeInvis .     a - +1 mace
rCold  . . .     Gourm    .     q - +0 ring mail
rNeg   . . .     Faith    .     (no shield)
rPois  .         Spirit   +     (no helmet)
rElec  .         Reflect  .     (no cloak)
rCorr  .         Harm     .     (no gloves)
MR     .....                    (no boots)
Stlth  +.........               (no amulet)
                                (no ring)
                                y - ring of wizardry

@: sanguine armour
A: claws 1, magic shield, sanguine armour 1
a: Depart the Abyss, Bend Space, Banish, Renounce Religion


You were on level 4 of the Dungeon.
You worshipped Lugonu.
Lugonu was most pleased with you.
You were not hungry.

You visited 1 branch of the dungeon, and saw 4 of its levels.
You visited the Abyss 1 time.

You collected 169 gold pieces.

Inventory:

Hand Weapons
 a - a +1 mace (weapon)
 h - a +0 hand axe
 w - a +0 flail
 E - a +0 whip
 F - a +0 antimagic war axe
Missiles
 e - 147 stones (quivered)
 f - 36 sling bullets
 m - 24 poisoned needles
 n - 57 arrows
 I - 7 javelins
Armour
 b - a +0 leather armour
 g - a +0 leather armour
 i - a +0 robe
 q - a +0 ring mail (worn)
 u - a +0 scale mail
Jewellery
 y - a ring of wizardry (left claw)
Wands
 c - a wand of paralysis (19/24)
 B - a wand of iceblast (3/15)
Scrolls
 C - a scroll of fear {unknown}
Potions
 o - 2 potions of brilliance
 r - a potion of cure mutation
 s - a potion of lignification
 t - a potion of agility
 x - a potion of experience {unknown}
 H - a potion of heal wounds {unknown}
 J - a potion of ambrosia {unknown}
Books
 D - a book of Misfortune

   Spells                             Type                      Level
   a - Confusing Touch                Hexes                        1
   b - Confuse                        Hexes                        3
   c - Gell's Gravitas                Hexes/Translocation          3
   d - Petrify                        Transmutation/Earth          4
   e - Metabolic Englaciation         Hexes/Ice                    5
   f - Yara's Violent Unravelling     Hexes/Transmutation          5
Comestibles
 k - 2 beef jerkies
 v - 3 bread rations
 A - 4 meat rations
 G - 2 chunks of flesh


   Skills:
 + Level 4.2 Fighting
 + Level 3.9 Maces & Flails
 + Level 2.7 Armour
 + Level 2.2 Dodging
 + Level 2.6 Invocations


You had 5 spell levels left.
You didn't know any spells.

Dungeon Overview and Level Annotations

Branches:
Dungeon (4/15)
 Temple: D:4-7

Altars:
Kikubaaqudgha
Nemelex Xobeh
Okawaru


Innate Abilities, Weirdness & Mutations

You have sharp fingernails.
When hurt, damage is shared between your health and your magic reserves.
When seriously injured, your bleeding wounds create armour. (AC +6)


Message History

You have reached level 6!
Your experience leads to an increase in your attributes!
Increase (S)trength, (I)ntelligence, or (D)exterity?
You feel stronger.
Your demonic ancestry asserts itself...
You feel your magical essence form a protective shroud around your flesh.
You hit the ogre but do no damage.
The ogre is moderately wounded.
The ogre hits you with a giant club!
* * * LOW HITPOINT WARNING * * *
You hit the ogre.
The ogre is heavily wounded.
The ogre closely misses you.
Your ring mail prevents you from hitting the ogre.
The ogre is heavily wounded.
The ogre hits you with a giant club!
* * * LOW HITPOINT WARNING * * *
You hit the ogre but do no damage.
The ogre is heavily wounded.
The ogre hits you with a giant club.
You die...

##.....## .....<..##
.........#
.........#
.........#
.........# ####
.........# #..#
.........#########
#..#
..........O@.....#
#..#
.#.....#########.###
#..## ######
#...####...#
###......#.#
####..##.#
#....##.##
#.##..#..# ...
##.##.# .## #....#


You could see an ogre (inner flame).

Vanquished Creatures
  A howler monkey (D:4)
  Ijyb (D:2)
  A worker ant (D:4)
  A hound skeleton (D:4)
  3 gnolls (D:2)
  8 adders
  An ooze (D:1)
  A worm (D:2)
  A dart slug (D:1)
  A leopard gecko (D:1)
  4 orcs
  A ball python (D:1)
  3 giant cockroaches (D:1)
  5 hobgoblins
  2 jackals (D:1)
  5 kobolds
  2 quokkas
  13 bats
  3 frilled lizards
  7 goblins
  5 rats
69 creatures vanquished.

Notes
Turn   | Place    | Note
-------+----------+-------------------------------------------
     0 | Abyss:1  | Kullungy the Demonspawn Abyssal Knight began the quest for the Orb.
     0 | Abyss:1  | Reached XP level 1. HP: 18/18 MP: 2/2
   108 | D:1      | Escaped the Abyss
   176 | D:1      | Reached skill level 1 in Dodging
   473 | D:1      | Gained mutation: When seriously injured, your bleeding wounds create armour. (AC +6) [demonic ancestry]
   473 | D:1      | Reached XP level 2. HP: 22/24 MP: 3/3
   591 | D:1      | Reached ** piety under Lugonu
   736 | D:1      | Reached XP level 3. HP: 29/29 MP: 4/4
  1073 | D:2      | Noticed Ijyb
  1076 | D:2      | Paralysed by Ijyb for 3 turns
  1082 | D:2      | Paralysed by Ijyb for 5 turns
  1091 | D:2      | Paralysed by Ijyb for 3 turns
  1099 | D:2      | Paralysed by Ijyb for 2 turns
  1101 | D:2      | Killed Ijyb
  1101 | D:2      | Reached XP level 4. HP: 22/37 MP: 5/5
  1307 | D:2      | Found an iron altar of Okawaru.
  1383 | D:2      | Found a sparkling altar of Nemelex Xobeh.
  1975 | D:3      | Gained mutation: You have sharp fingernails. [demonic ancestry]
  1975 | D:3      | Reached XP level 5. HP: 35/42 MP: 6/6
  1978 | D:3      | Reached *** piety under Lugonu
  1978 | D:3      | Reached skill level 4 in Fighting
  2035 | D:3      | Found an ancient bone altar of Kikubaaqudgha.
  2801 | D:4      | Noticed an ogre
  2822 | D:4      | Gained mutation: When hurt, damage is shared between your health and your magic reserves. [demonic ancestry]
  2822 | D:4      | Reached XP level 6. HP: 22/48 MP: 7/7
  2825 | D:4      | HP: 1/48 [ogre/giant club (11)]
  2826 | D:4      | Slain by an ogre

Skill      XL: |  1  2  3  4  5 |
---------------+----------------+-----
Dodging        | 1 2 |  2.2
Maces & Flails | 2 3 |  3.9
Armour         | 2 |  2.7
Fighting       | 4 |  4.2
Invocations    | |  2.6

Action                   |  1- 3 |  4- 6 || total
-------------------------+-------+-------++-------
Melee: Mace              |    87 |   182 ||   269
Throw: Stone             |       |     1 ||     1
Evoke: Wand              |       |     1 ||     1
  Use: Potion            |       |     3 ||     3
       Scroll            |       |     6 ||     6
  Eat: Bread ration      |     1 |       ||     1
       Meat ration       |       |     1 ||     1
Armor: Leather armour    |    23 |       ||    23
       Ring mail         |    17 |    99 ||   116
Dodge: Dodged            |    57 |   134 ||   191
